 Dungeon Crawl Stone Soup version 0.30-a0-292-g0f741e3f8e (webtiles) character file.

Game seed: 12985389325735904670

500 pokeman the Magician (level 6, 0/35 HPs)
             Began as a Deep Elf Hedge Wizard on Oct 18, 2022.
             Slain by a howler monkey (4 damage)
             ... on level 5 of the Dungeon.
             The game lasted 00:08:37 (4545 turns).

pokeman the Magician (Deep Elf Hedge Wizard)        Turns: 4545, Time: 00:08:38

Health: 0/35       AC:  9    Str:  7    XL:     6   Next: 94%
Magic:  5/18       EV: 12    Int: 21    God:
Gold:   244        SH:  0    Dex: 14    Spells: 12/20 levels left

rFire   . . .      SeeInvis .    v - +0 mace (holy)
rCold   . . .      Faith    .    (no shield)
rNeg    . . .      Spirit   .    a - +0 leather armour
rPois   .          Reflect  .    c - +0 hat
rElec   .          Harm     .    o - +2 cloak
rCorr   .          Rampage  .    (no gloves)
Will    .....                    l - +2 pair of boots
Stlth   ++........               (no amulet)
HPRegen 0.25/turn                (no ring)
MPRegen 0.16/turn                (no ring)

@: no status effects
A: no striking features
a: no special abilities


You were on level 5 of the Dungeon.
You visited 1 branch of the dungeon, and saw 5 of its levels.

You collected 244 gold pieces.

Inventory:

Hand Weapons
 v - a +0 mace of holy wrath (weapon)
Armour
 a - a +0 leather armour (worn)
 c - a +0 hat (worn)
 l - a +2 pair of boots (worn)
 o - a +2 cloak (worn)
 s - a +2 ring mail of cold resistance
 t - a +0 ring mail of fire resistance
 y - an orb of mayhem
Jewellery
 x - a ring of ice
Wands
 C - a wand of polymorph (5)
Scrolls
 b - 3 scrolls of teleportation {unknown}
 e - 7 scrolls of identify {unknown}
 g - 2 scrolls of fear {unknown}
 h - a scroll of magic mapping {unknown}
 i - a scroll of amnesia {unknown}
 j - a scroll of noise {unknown}
 q - a scroll of vulnerability {unknown}
 z - a scroll of enchant armour {unknown}
 A - a scroll of blinking {unknown}
Potions
 d - a potion of magic
 f - a potion of curing {unknown}
 k - 4 potions of degeneration {unknown}
 m - 3 potions of might {unknown}
 n - 2 potions of heal wounds {unknown}
 p - a potion of attraction {unknown}
 r - 2 potions of flight {unknown}
 u - 2 potions of mutation {unknown}
 w - 2 potions of berserk rage {unknown}
 B - a potion of cancellation {unknown}


   Skills:
 + Level 1.9 Fighting
 - Level 1.1 Armour
 - Level 3.0 Dodging
 - Level 3.0 Stealth
 * Level 7.7 Spellcasting
 + Level 3.7 Conjurations
 - Level 1.1 Summonings
 - Level 1.1 Translocations
 - Level 1.0 Air Magic
 - Level 1.0 Poison Magic


You had 12 spell levels left.
You knew the following spells:

 Your Spells              Type           Power      Damage    Failure   Level
a - Magic Dart            Conj           96%        1d7       2%          1
b - Mephitic Cloud        Conj/Pois/Air  16%        N/A       16%         3
c - Call Imp              Summ           12%        N/A       12%         2
d - Blink                 Tloc           24%        N/A       12%         2

Your spell library contained the following spells:

 Spells                   Type           Power      Damage    Failure   Level
 Slow                     Hex            32%        N/A       12%         1
 Poisonous Vapours        Pois/Air       24%        N/A       12%         2
 Cigotuvi's Dreadful Rot  Necr/Pois/Air  20%        N/A       14%         2
 Call Canine Familiar     Summ           12%        N/A       22%         3
 Portal Projectile        Hex/Tloc       20%        N/A       28%         3
 Summon Lightning Spire   Summ/Air       12%        N/A       58%         4
 Airstrike                Air            6%         2d(1-17)  61%         4
 Leda's Liquefaction      Hex/Erth       4%         N/A       75%         4
 Lightning Bolt           Conj/Air       9%         1d21      77%         5


Dungeon Overview and Level Annotations

Branches:
Dungeon (5/15)             Temple (0/1) D:5

Altars:
Gozag
Qazlal


Message History

You hit the shadow imp.
The shadow imp convulses.
The shadow imp is heavily wounded.
The scorpion is engulfed in noxious fumes.
The scorpion appears confused.
The shadow imp hits you.
* * * LOW HITPOINT WARNING * * *
Your iron imp hits the scorpion.
Unknown command.
The shadow imp attacks as you move away!
The shadow imp hits you but does no damage.
The scorpion stings you.
* * * LOW HITPOINT WARNING * * *
Your iron imp hits the scorpion.
Unknown command.
The shadow imp attacks as you move away!
The shadow imp hits you but does no damage.
You strike the helpless scorpion from behind!
You hit the scorpion but do no damage.
The scorpion is severely wounded.
The shadow imp hits your iron imp but does no damage.
Your iron imp hits the shadow imp.
The scorpion barely misses you. The shadow imp hits your iron imp.
Your iron imp hits the shadow imp!
The shadow imp dies!
You hit the scorpion but do no damage.
The scorpion is severely wounded.
The scorpion closely misses you.
The scorpion stings itself but does no damage.
The howler monkey hoots and howls with incredible vigour!
Your iron imp hits the scorpion.
The scorpion dies!
You hear a shout! x2
You sock the howler monkey!
The howler monkey is moderately wounded.
The howler monkey hits you but does no damage.
Your iron imp barely misses the howler monkey.
You closely miss the howler monkey.
The howler monkey is moderately wounded.
The howler monkey hits you.
* * * LOW HITPOINT WARNING * * *
Your iron imp hits the howler monkey!
The howler monkey hits you.
You die...

#.# ##'## #####.## #.# ##...##
#....... ####.#######.....##
#.###.## ####........##.......##
#.#.#.##
##........##.#.........###oo...##
.............'(........'....o.g.#
##.##.#...##.#.........###...g#.#
# #.....##.##.......## #.#.##.#
#.###.##.###@5...## #.####h# #
#.###.##.# ##h..## #>......
#.##........# ##'## ######5#
#........#### #.# #.#
####.######## #.# #.# #........#
##.## #######)# #.######.#
##...#####.......# #.# #.#
#.......5..h.##### #.# #.#
#....#.###.#.#


You could see a howler monkey (catching breath, ally target) and a friendly iron
imp (summoned).

Vanquished Creatures
  A necrophage (D:4)
  A phantom (D:4)
  A hound (D:4)
  A jelly (D:4)
  Natasha (thrice) (D:3)
  3 gnolls (D:5)
  7 adders
  2 worms (D:3)
  2 dart slugs (D:3)
  2 orcs
  13 ball pythons
  6 endoplasms
  3 giant cockroaches
  4 goblins
  A hobgoblin (D:4)
  3 jackals (D:2)
  3 kobolds (D:2)
  2 quokkas
  3 bats
  5 frilled lizards
  9 rats
75 creatures vanquished.

Vanquished Creatures (collateral kills)
  A scorpion (D:5)
  A shadow imp (D:5)
  An orc (D:5)
3 creatures vanquished.

Grand Total: 78 creatures vanquished

Notes
Turn   | Place    | Note
-------+----------+-------------------------------------------
     0 | D:1      | pokeman the Deep Elf Hedge Wizard began the quest for the
                  | Orb.
     0 | D:1      | Reached XP level 1. HP: 10/10 MP: 7/7
   673 | D:1      | Reached XP level 2. HP: 15/15 MP: 6/9
  1187 | D:2      | Reached skill level 5 in Spellcasting
  1187 | D:2      | Reached XP level 3. HP: 15/20 MP: 2/11
  1191 | D:2      | Learned a level 3 spell: Mephitic Cloud
  1194 | D:2      | Learned a level 2 spell: Call Imp
  1197 | D:2      | Learned a level 2 spell: Blink
  1348 | D:2      | Found an opulent altar of Gozag.
  2096 | D:3      | Reached skill level 1 in Fighting
  2260 | D:3      | Noticed a fire elemental
  2262 | D:3      | Found a stormy altar of Qazlal.
  2278 | D:3      | Noticed an air elemental
  2278 | D:3      | Noticed a water elemental
  2278 | D:3      | Noticed an earth elemental
  2279 | D:3      | Noticed Natasha
  2295 | D:3      | Killed Natasha
  2296 | D:3      | Reached skill level 1 in Armour
  2296 | D:3      | Reached XP level 4. HP: 24/25 MP: 5/13
  2372 | D:3      | Noticed Natasha
  2648 | D:3      | Killed Natasha
  2663 | D:3      | Noticed Natasha
  2783 | D:3      | Killed Natasha
  2784 | D:3      | Reached skill level 6 in Spellcasting
  2784 | D:3      | Reached XP level 5. HP: 4/29 MP: 2/15
  3287 | D:4      | Noticed a phantom
  3303 | D:4      | Killed a phantom
  3388 | D:4      | Reached skill level 1 in Poison Magic
  3538 | D:4      | Reached skill level 1 in Air Magic
  3806 | D:4      | Reached XP level 6. HP: 30/34 MP: 10/17
  4263 | D:5      | Entered Level 5 of the Dungeon
  4271 | D:4      | Reached skill level 7 in Spellcasting
  4296 | D:5      | Found a staircase to the Ecumenical Temple.
  4545 | D:5      | Slain by a howler monkey

Illustrated notes

Levels and vault maps discovered:
D:1:      amcnicky_arrival_double_pillar, layout_basic
D:2:      layout_basic, basic_altar, minmay_strange_pillars, grunt_ministairs_9
D:3:      layout_rooms, nicolae_qazlal_style_of_elements, uniq_natasha
D:4:      layout_basic, serial_bayou_pond_d, minmay_snake_closets
D:5:      layout_loops_corners, slow_altar_1, temple_doors_e,
          nicolae_ossuary_entry_giza

Skill      XL: |  1  2  3  4  5  6 |
---------------+-------------------+-----
Spellcasting   | 5 6 7 |  7.7
Fighting       | 1 |  1.9
Armour         | 1 |  1.1
Conjurations   | 2 3 |  3.7
Dodging        | 3 |  3.0
Stealth        | 3 |  3.0
Poison Magic   | 1 |  1.0
Air Magic      | 1 |  1.0
Summonings     | |  1.1
Translocations | |  1.1

Action                   |  1- 3 |  4- 6 || total
-------------------------+-------+-------++-------
Melee: Dagger            |    52 |       ||    52
       Punch             |     1 |       ||     1
       Mace              |     8 |    59 ||    67
 Cast: Magic Dart        |    85 |    93 ||   178
       Mephitic Cloud    |     1 |     9 ||    10
       Call Imp          |       |     4 ||     4
       Blink             |       |     1 ||     1
 Stab: Confused          |       |     4 ||     4
Armor: Robe              |    24 |       ||    24
       Leather armour    |     1 |    27 ||    28
Dodge: Dodged            |    69 |    45 ||   114

Table legend: (Time is in decaauts)
 A = Elapsed time spent in this place.
 B = Non-inter-level travel time spent in this place.
 C = Inter-level travel time spent in this place.
 D = Time resting spent in this place.
 E = Time spent auto-exploring this place.
 F = Levels seen in this place.
 G = Mean time per level.
                   A        B        C        D        E       F      G
               +--------+--------+--------+--------+--------+-----+--------+
         Total |   4571 |   4448 |    123 |    210 |   3397 |   5 |  914.2 |
       Dungeon |   4571 |   4448 |    123 |    210 |   3397 |   5 |  914.2 |
               +--------+--------+--------+--------+--------+-----+--------+

Top non-repeatable levels by time:
     D:3: 1209 daAuts
     D:4: 1142 daAuts
     D:2: 1012 daAuts
     D:1: 1005 daAuts
     D:5: 201 daAuts
